[Event "Titled Tuesday Blitz February 22 Early 2022"]
[White "Leiva, Gianmarco"]
[Black "Matveeva, Olga"]
[WhiteFideId "3804399"]
[BlackFideId "24107018"]
[WhiteElo "2328"]
[BlackElo "2083"]
[Result "1-0"]
[Round "01"]
[TimeControl "180+1"]
[Date "2022.02.22"]
[WhiteClock "0:00:08"]
[BlackClock "0:00:12"]

1. e4 e6 2. Qe2 c5 3. f4 Ne7 4. Nf3 d5 5. d3 Nbc6 6. g3 g6 7. Bg2 Bg7 8. O-O O-O 9. c3 b6 10. Nbd2 Bb7 11. Re1 dxe4 12. dxe4 Qc7 13. e5 Rad8 14. Ne4 Nd5 15. h4 h5 16. Nfg5 Nce7 17. Nd6 Ba8 18. Be4 Nf5 19. Nxf5 exf5 20. Bf3 Rfe8 21. c4 Nf6 22. Be3 Ng4 23. Bxa8 Rxa8 24. Qf3 Rad8 25. Rad1 a6 26. Bf2 b5 27. b3 Bf8 28. Rd5 bxc4 29. bxc4 Qa5 30. Red1 Rxd5 31. cxd5 Qxa2 32. d6 Rd8 33. Bxc5 Qc2 34. Qd5 Rd7 35. Rd2 Qc1+ 36. Kg2 Qc3 37. e6 Rd8 38. e7 Bxe7 39. dxe7 Rxd5 40. e8=Q+ 1-0


[Site "https://www.chess.com"]

[Event "Titled Tuesday Blitz February 22 Early 2022"]
[White "Liyanage, Ranindu Dilshan"]
[Black "Mejia, Cherry Ann"]
[WhiteFideId "9915834"]
[BlackFideId "5206880"]
[WhiteElo "1858"]
[BlackElo "2007"]
[Result "1-0"]
[Round "01"]
[TimeControl "180+1"]
[Date "2022.02.22"]
[WhiteClock "0:01:11"]
[BlackClock "0:00:10"]

1. d4 d5 2. c4 dxc4 3. e3 e5 4. Bxc4 exd4 5. exd4 Nf6 6. Nf3 Bd6 7. Qe2+ Qe7 8. Qxe7+ Bxe7 9. Nc3 O-O 10. O-O a6 11. Bf4 c5 12. Rfe1 Re8 13. Ng5 Be6 14. Nxe6 fxe6 15. Bxe6+ Kf8 16. d5 Nbd7 17. g4 h6 18. Re3 b5 19. d6 Bd8 20. Rae1 Ba5 21. g5 hxg5 22. Bxg5 c4 23. Rh3 Ng8 24. Rh8 Rxe6 25. Rxe6 Bxc3 26. bxc3 Rc8 27. Re7 Nc5 28. d7 Nxd7 29. Rxd7 a5 30. Rd8+ Rxd8 31. Bxd8 b4 32. cxb4 axb4 33. Ba5 b3 34. axb3 cxb3 35. Rh3 Kf7 36. Rxb3 Nf6 37. Bc3 1-0


[Site "https://www.chess.com"]

[Event "Titled Tuesday Blitz February 22 Early 2022"]
[White "Lodici, Lorenzo"]
[Black "Dushyant Sharma"]
[WhiteFideId "884189"]
[BlackFideId "25065130"]
[WhiteElo "2265"]
[BlackElo "2012"]
[Result "1-0"]
[Round "01"]
[TimeControl "180+1"]
[Date "2022.02.22"]
[WhiteClock "0:00:47"]
[BlackClock "0:00:08"]

1. e4 d5 2. exd5 Nf6 3. Nf3 Bg4 4. Be2 Qxd5 5. h3 Bh5 6. d4 e6 7. c4 Qd8 8. Nc3 Nc6 9. Be3 Be7 10. O-O O-O 11. Qd2 Qd7 12. Rad1 Rad8 13. Qc1 Qc8 14. a3 a5 15. Rfe1 Rfe8 16. g4 Bg6 17. Nh4 Nd7 18. Nxg6 hxg6 19. f4 Bh4 20. Rf1 Nb6 21. Ne4 f5 22. Ng5 Bxg5 23. fxg5 e5 24. d5 Nd4 25. Bxd4 exd4 26. Qc2 c6 27. gxf5 gxf5 28. Rxd4 cxd5 29. c5 Nd7 30. Rxd5 Ne5 31. Rxd8 Qxd8 32. Qxf5 Qd4+ 33. Qf2 Qd8 34. h4 Kh8 35. b4 Ng6 36. Bh5 Qd3 37. Rd1 Qe4 38. Rd4 Qb1+ 39. Kh2 Rf8 40. Qe2 Nf4 41. Rxf4 Rxf4 42. Qe8+ Rf8 43. Qxf8+ 1-0


[Site "https://www.chess.com"]

[Event "Titled Tuesday Blitz February 22 Early 2022"]
[White "Lopez Gracia, Fernando"]
[Black "Svane, Frederik"]
[WhiteFideId "2207184"]
[BlackFideId "12923044"]
[WhiteElo "2432"]
[BlackElo "2459"]
[Result "0-1"]
[Round "01"]
[TimeControl "180+1"]
[Date "2022.02.22"]
[WhiteClock "0:01:08"]
[BlackClock "0:02:19"]

1. c4 e6 2. Nf3 Nf6 3. e3 d5 4. b3 Bd6 5. Bb2 O-O 6. g3 c5 7. Bg2 Nc6 8. cxd5 exd5 9. O-O Bg4 10. h3 Bh5 11. g4 Bg6 12. d4 cxd4 13. Nxd4 h5 14. Nxc6 bxc6 15. Nc3 hxg4 16. hxg4 Re8 17. Rc1 Rc8 18. Na4 Ne4 19. Bd4 Qh4 20. f4 c5 21. Bb2 d4 22. exd4 Ng3 23. dxc5 Ne2+ 0-1


[Site "https://www.chess.com"]

[Event "Titled Tuesday Blitz February 22 Early 2022"]
[White "Lopez Mulet, Inigo"]
[Black "Gulecyuz, Deniz"]
[WhiteFideId "22235620"]
[BlackFideId "30921341"]
[WhiteElo "2315"]
[BlackElo "1925"]
[Result "1-0"]
[Round "01"]
[TimeControl "180+1"]
[Date "2022.02.22"]
[WhiteClock "0:01:54"]
[BlackClock "0:01:52"]

1. b3 Nf6 2. Bb2 d6 3. f4 c5 4. Nf3 Nc6 5. d3 g6 6. e4 Bg7 7. Nbd2 O-O 8. Be2 b5 9. O-O e6 10. a4 bxa4 11. Rxa4 a5 12. Nc4 Qc7 13. Qe1 Bd7 14. e5 Ne8 15. exd6 Nxd6 16. Bxg7 Kxg7 17. Nce5 Nxe5 18. fxe5 Nf5 19. Rf4 a4 20. g4 Ne7 21. Qh4 Ng8 22. Ng5 h6 23. Rxf7+ Rxf7 24. Rxf7+ Kh8 25. Rh7# 1-0


[Site "https://www.chess.com"]

[Event "Titled Tuesday Blitz February 22 Early 2022"]
[White "Magallanes, Rey Jomar"]
[Black "Borisova, Ekaterina"]
[WhiteFideId "5205948"]
[BlackFideId "34124184"]
[WhiteElo "2218"]
[BlackElo "2034"]
[Result "0-1"]
[Round "01"]
[TimeControl "180+1"]
[Date "2022.02.22"]
[WhiteClock "0:00:23"]
[BlackClock "0:00:28"]

1. e4 c6 2. d4 d5 3. e5 Bf5 4. h4 h5 5. Bd3 Bxd3 6. Qxd3 Qa5+ 7. Nd2 e6 8. Nf3 Qa6 9. c4 Nh6 10. b3 Nf5 11. a4 Be7 12. O-O O-O 13. a5 Rd8 14. Bb2 c5 15. Rfd1 Nc6 16. Ba3 cxd4 17. Bxe7 Ncxe7 18. Rdb1 Rac8 19. Ra4 Qc6 20. cxd5 Qxd5 21. Rc4 Ng6 22. Re1 Qxa5 23. Rxc8 Rxc8 24. Nc4 Qc3 25. Qxc3 dxc3 26. Rc1 b5 27. Ne3 Nxe3 28. fxe3 Ne7 29. Nd4 b4 30. Nc2 a5 31. e4 Nc6 32. Ra1 Rd8 33. Kf1 Rd2 34. Ne3 Nxe5 35. Nc4 Nxc4 36. bxc4 b3 37. Rxa5 c2 38. Ra1 b2 39. Re1 Rd1 40. Rxd1 cxd1=Q+ 41. Kf2 b1=Q 42. Kg3 Qd2 43. Kh2 Qf4+ 44. Kh3 Qb3+ 45. g3 Qbxg3# 0-1


[Site "https://www.chess.com"]

[Event "Titled Tuesday Blitz February 22 Early 2022"]
[White "Makhnev, Denis"]
[Black "King, Alexander"]
[WhiteFideId "13707647"]
[BlackFideId "2063620"]
[WhiteElo "2491"]
[BlackElo "2306"]
[Result "1-0"]
[Round "01"]
[TimeControl "180+1"]
[Date "2022.02.22"]
[WhiteClock "0:00:38"]
[BlackClock "0:00:01"]

1. d4 d5 2. c4 e6 3. Nf3 c5 4. cxd5 exd5 5. Nc3 Nc6 6. g3 Nf6 7. Bg2 Be7 8. O-O O-O 9. Be3 c4 10. Bg5 h6 11. Bxf6 Bxf6 12. e3 Be6 13. b3 Qa5 14. Qd2 b5 15. bxc4 bxc4 16. Rfc1 Rab8 17. Ne1 Rfd8 18. h4 Be7 19. Nc2 Nb4 20. Ne2 Rb5 21. Nf4 Nd3 22. Qxa5 Rxa5 23. Nxe6 fxe6 24. Rcb1 Rd6 25. Rb7 Bf6 26. Bh3 e5 27. Rb8+ Kf7 28. Rab1 Rb6 29. R1xb6 axb6 30. Rb7+ Kf8 31. dxe5 Bxe5 32. a3 b5 33. Be6 Nc5 34. Rf7+ Ke8 35. Bxd5 Bb2 36. Rf5 Nd3 37. Bc6+ Ke7 38. Rxb5 Rxb5 39. Bxb5 Ne5 40. f4 Nf3+ 41. Kf2 Nd2 42. Ke2 Ne4 43. Bxc4 Nxg3+ 44. Kf3 Nf5 45. h5 Bc1 46. Bd3 Nd6 47. a4 Nb7 48. Nd4 Bd2 49. Be4 Nc5 50. Bc2 Kf6 51. e4 Bc3 52. e5+ Kf7 53. Nc6 1-0


[Site "https://www.chess.com"]

[Event "Titled Tuesday Blitz February 22 Early 2022"]
[White "Maltsevskaya, Aleksandra"]
[Black "Politov, Pavel Y."]
[WhiteFideId "24174041"]
[BlackFideId "24110515"]
[WhiteElo "2283"]
[BlackElo "2090"]
[Result "1-0"]
[Round "01"]
[TimeControl "180+1"]
[Date "2022.02.22"]
[WhiteClock "0:01:23"]
[BlackClock "0:00:03"]

1. e4 c5 2. Nf3 d6 3. d4 cxd4 4. Nxd4 Nf6 5. Nc3 a6 6. g3 e5 7. Nb3 Be7 8. Bg2 b5 9. O-O Nbd7 10. a4 b4 11. Nd5 Nxd5 12. exd5 a5 13. Bd2 Ba6 14. Re1 Bc4 15. c3 bxc3 16. Bxc3 O-O 17. Rc1 Bxb3 18. Qxb3 Nc5 19. Qb5 Qc7 20. Red1 Rab8 21. Qc6 Qa7 22. Bxe5 Rfc8 23. Bxd6 Rxc6 24. Bxb8 Qxb8 25. dxc6 Bd6 26. Rd5 Kf8 27. Rcd1 Bc7 28. Rxc5 Ke7 29. Rb5 Qd8 30. Rxd8 1-0


[Site "https://www.chess.com"]

[Event "Titled Tuesday Blitz February 22 Early 2022"]
[White "Manelyuk, Daniil"]
[Black "Corrales Jimenez, Fidel"]
[WhiteFideId "44173920"]
[BlackFideId "3506690"]
[WhiteElo "2222"]
[BlackElo "2541"]
[Result "0-1"]
[Round "01"]
[TimeControl "180+1"]
[Date "2022.02.22"]
[WhiteClock "0:00:09"]
[BlackClock "0:00:19"]

1. e4 c5 2. Nf3 d6 3. d4 cxd4 4. Nxd4 Nf6 5. Nc3 a6 6. f3 g6 7. Be3 Bg7 8. Qd2 h5 9. O-O-O Nbd7 10. Kb1 b5 11. Nd5 Nxd5 12. exd5 Nf6 13. Nc6 Qc7 14. c4 bxc4 15. Bxc4 Bd7 16. Qa5 Qxa5 17. Nxa5 O-O 18. Bd4 Rfc8 19. b4 Ba4 20. Rd2 Nd7 21. f4 Bxd4 22. Rxd4 Nb6 23. Re1 Kf8 24. Bd3 Rc7 25. f5 gxf5 26. Bxf5 Bb5 27. Bc2 Rb8 28. a3 Nc4 29. Nxc4 Rxc4 30. Ree4 Rbc8 31. Rxc4 Bxc4 32. Rd4 Bf1 33. Be4 Rc3 34. Kb2 Re3 35. Bf3 Bb5 36. Bd1 Re5 37. a4 Bf1 38. g3 Ke8 39. Kc3 Kd7 40. Bc2 e6 41. dxe6+ fxe6 42. Bd3 Bxd3 43. Rxd3 d5 44. h3 Re4 45. Rd4 Re3+ 46. Rd3 Re1 47. Kd4 Kd6 48. Kc3 Rc1+ 49. Kd2 Rc4 50. b5 Rxa4 51. bxa6 Rxa6 52. Rf3 Ra2+ 53. Ke1 e5 54. g4 e4 55. Rf6+ Ke5 56. Rf5+ Kd4 57. gxh5 Rh2 58. h6 Rxh3 59. Rf6 Ke3 60. Kf1 d4 61. Kg2 Rh5 62. Kg3 d3 63. Rd6 d2 64. Kg4 Rh1 65. Kg5 d1=Q 66. Rxd1 Rxd1 67. h7 Rg1+ 68. Kf6 Rh1 69. Kg7 Rxh7+ 70. Kxh7 Kf3 71. Kg7 e3 72. Kf6 e2 73. Ke6 e1=Q+ 74. Kd6 Qe4 0-1


[Site "https://www.chess.com"]

[Event "Titled Tuesday Blitz February 22 Early 2022"]
[White "Maranhao,Jose Renato Ruiz"]
[Black "Janaszak, Dawid"]
[WhiteFideId "2135175"]
[BlackFideId "1119206"]
[WhiteElo "1970"]
[BlackElo "2199"]
[Result "0-1"]
[Round "01"]
[TimeControl "180+1"]
[Date "2022.02.22"]
[WhiteClock "0:00:02"]
[BlackClock "0:01:27"]

1. e4 c5 2. d4 cxd4 3. c3 Nf6 4. e5 Nd5 5. cxd4 Nc6 6. Nc3 Nxc3 7. bxc3 d6 8. exd6 Qxd6 9. Nf3 g6 10. Be2 Bg7 11. Qb3 O-O 12. Ba3 Qc7 13. O-O Bf5 14. Rfe1 Rfe8 15. Rad1 Rac8 16. g3 Na5 17. Qd5 Be6 18. Qg5 Qxc3 19. Bxe7 h6 20. Qh4 g5 21. Bxg5 hxg5 22. Nxg5 Bf5 23. Nxf7 Kxf7 24. Qh5+ Bg6 25. Qd5+ Kf8 26. Qd6+ Re7 27. Qxg6 Rc6 28. Qd3 Qxd3 29. Rxd3 Rce6 30. Kf1 Nc4 31. Rc3 Nd2+ 32. Kg2 Rxe2 33. Rc8+ Kf7 34. Rd1 Ne4 35. Kf3 Rxf2+ 36. Ke3 Bh6+ 37. Kd3 Rxa2 38. Rh8 Nf2+ 39. Kc3 Nxd1+ 40. Kb3 Rb2+ 0-1


[Site "https://www.chess.com"]

[Event "Titled Tuesday Blitz February 22 Early 2022"]
[White "Marcinczyk, Monika"]
[Black "Eynullayev, Atilla"]
[WhiteFideId "1192051"]
[BlackFideId "13413570"]
[WhiteElo "1730"]
[BlackElo "1979"]
[Result "0-1"]
[Round "01"]
[TimeControl "180+1"]
[Date "2022.02.22"]
[WhiteClock "0:00:30"]
[BlackClock "0:01:04"]

1. e4 c5 2. Nc3 e6 3. g3 d5 4. exd5 exd5 5. Bg2 d4 6. Nd5 Nc6 7. d3 Be6 8. Nf4 Bd7 9. Nge2 Nf6 10. O-O Bd6 11. c3 O-O 12. Qb3 Rb8 13. Nd5 Nxd5 14. Bxd5 Bh3 15. Re1 Na5 16. Qc2 Bxg3 17. hxg3 Qxd5 18. Nf4 Qd7 19. cxd4 Nc6 20. Qxc5 Nxd4 21. Re3 Rbc8 22. Qe7 Nc2 23. Bd2 Nxa1 0-1


[Site "https://www.chess.com"]

[Event "Titled Tuesday Blitz February 22 Early 2022"]
[White "Martinez, Shawn"]
[Black "Potapova, Margarita"]
[WhiteFideId "2039770"]
[BlackFideId "14126869"]
[WhiteElo "2174"]
[BlackElo "2209"]
[Result "0-1"]
[Round "01"]
[TimeControl "180+1"]
[Date "2022.02.22"]
[WhiteClock "0:00:03"]
[BlackClock "0:00:08"]

1. e4 c5 2. Nc3 d6 3. Bb5+ Nd7 4. f4 g6 5. Nf3 Bg7 6. O-O a6 7. Bxd7+ Bxd7 8. d3 Nh6 9. Qe1 O-O 10. f5 gxf5 11. Qh4 Ng4 12. Nd5 e6 13. Ne7+ Kh8 14. exf5 exf5 15. Ng5 h6 16. Nxf5 Qf6 17. Qxg4 hxg5 18. Bxg5 Qg6 19. Rf3 Rfe8 20. Raf1 Kg8 21. Rg3 Re5 22. h4 Rxf5 23. Rxf5 Bxf5 24. Qf3 Qe6 25. h5 Kh8 26. h6 Bd4+ 27. Kh1 Rg8 28. c3 Be5 29. Bf4 Rxg3 30. Bxg3 Qxh6+ 31. Kg1 Qc1+ 32. Kh2 Bxg3+ 33. Qxg3 Qh6+ 34. Kg1 Qe6 35. Qh4+ Kg7 36. Qd8 Bxd3 37. Qg5+ Bg6 38. Qg3 b5 39. a3 Qe5 40. Qf2 Qf6 41. Qe3 Qe5 42. Qd2 a5 43. b4 axb4 44. axb4 cxb4 45. cxb4 d5 46. Qc1 d4 47. Qc6 d3 48. Qd7 Qe3+ 49. Kh2 d2 50. Qd6 Qg5 51. Qd4+ Kh7 52. g3 Qh5+ 53. Kg2 d1=Q 54. Qf4 Qhe2+ 55. Kh3 Qh1# 0-1


[Site "https://www.chess.com"]

[Event "Titled Tuesday Blitz February 22 Early 2022"]
[White "Martins, Bruno Andre Leite"]
[Black "Samarth, J Rao"]
[WhiteFideId "1942255"]
[BlackFideId "46652370"]
[WhiteElo "2137"]
[BlackElo "1514"]
[Result "1-0"]
[Round "01"]
[TimeControl "180+1"]
[Date "2022.02.22"]
[WhiteClock "0:00:20"]
[BlackClock "0:00:14"]

1. e4 c5 2. Nf3 d6 3. d4 cxd4 4. Nxd4 Nf6 5. Nc3 a6 6. Bd3 e5 7. Nf5 Bxf5 8. exf5 d5 9. Bg5 Bb4 10. O-O Bxc3 11. bxc3 h6 12. Bh4 Nbd7 13. c4 d4 14. Qf3 Qc7 15. Rab1 Rb8 16. Rfe1 O-O 17. g4 Nc5 18. Bxf6 gxf6 19. Qh3 Kg7 20. f4 Rbe8 21. fxe5 fxe5 22. f6+ Kxf6 23. Qxh6+ Ke7 24. Qh4+ f6 25. Rxe5+ Qxe5 26. Re1 Kd6 27. Rxe5 fxe5 28. Bf5 Re7 29. Qh6+ Ne6 30. Bxe6 Rf4 31. Bf5+ Kc5 32. Qf6 Re8 33. Qf7 Rh8 34. Qc7+ Kb4 35. Qxe5 Rxf5 36. gxf5 Rh5 37. Qd6+ Kc3 38. f6 b5 39. cxb5 Rg5+ 40. Kh1 axb5 41. f7 Rf5 42. f8=Q Rg5 43. Qf3+ Kb2 44. Qb4+ Ka1 45. Qd1+ Kxa2 46. Qdb1# 1-0


[Site "https://www.chess.com"]

[Event "Titled Tuesday Blitz February 22 Early 2022"]
[White "Matinian, Nikita"]
[Black "Berezin, Viktor"]
[WhiteFideId "24129100"]
[BlackFideId "14107872"]
[WhiteElo "2422"]
[BlackElo "2310"]
[Result "1-0"]
[Round "01"]
[TimeControl "180+1"]
[Date "2022.02.22"]
[WhiteClock "0:01:18"]
[BlackClock "0:00:02"]

1. e4 d5 2. exd5 Nf6 3. d4 Bg4 4. f3 Bh5 5. Bb5+ Nbd7 6. c4 a6 7. Ba4 b5 8. cxb5 Nxd5 9. Nc3 e6 10. Nge2 Bd6 11. bxa6 O-O 12. Bb5 Qh4+ 13. g3 Qe7 14. O-O N7b6 15. Nxd5 Nxd5 16. Nc3 Nb4 17. Qe2 c6 18. Bc4 Nd5 19. Nxd5 cxd5 20. Bd3 Bc7 21. Be3 Bb6 22. a4 Ba7 23. Bb5 e5 24. dxe5 d4 25. Bf2 Rfd8 26. Rae1 Rac8 27. Qd3 Qb4 28. e6 Bg6 29. exf7+ Kxf7 30. Qd1 Kg8 31. Bd3 Bf7 32. Qb1 h6 33. Bf5 Rb8 34. Be6 Qxb2 35. Bxf7+ Kxf7 36. Qf5+ Kg8 37. Re7 Bc5 38. Qf7+ Kh8 39. Qxg7# 1-0


[Site "https://www.chess.com"]

[Event "Titled Tuesday Blitz February 22 Early 2022"]
[White "Maze, Sebastien"]
[Black "Rangel, Daniel"]
[WhiteFideId "613762"]
[BlackFideId "2124475"]
[WhiteElo "2462"]
[BlackElo "2187"]
[Result "1-0"]
[Round "01"]
[TimeControl "180+1"]
[Date "2022.02.22"]
[WhiteClock "0:00:36"]
[BlackClock "0:00:03"]

1. e4 c6 2. d4 d5 3. exd5 cxd5 4. Bd3 Nf6 5. c3 Nc6 6. Bf4 Bg4 7. Qb3 Qb6 8. Qxb6 axb6 9. Nd2 e6 10. h3 Bh5 11. Ngf3 Bg6 12. Be2 Ne4 13. Nxe4 Bxe4 14. O-O Be7 15. Nd2 Bg6 16. a3 O-O 17. Rfe1 Na5 18. Bb5 Rfc8 19. g4 Nc4 20. Nxc4 dxc4 21. a4 Bd3 22. d5 Bc5 23. dxe6 fxe6 24. Rxe6 Rf8 25. Be3 Rf3 26. Bxc5 bxc5 27. Rae1 Raf8 28. Re8 Rxf2 29. Rxf8+ Rxf8 30. Re7 Rf7 31. Rxf7 Kxf7 32. a5 Ke7 33. Bc6 Kd6 34. Bxb7 Kc7 35. Bd5 g5 36. Kf2 h6 37. Ke3 Kb8 38. Bc6 Bf1 39. Bf3 Bxh3 40. Kf2 Ka7 41. Be2 Kb7 42. Kg3 Bxg4 43. Kxg4 Ka6 44. Bxc4+ Kxa5 45. b3 Kb6 46. Kh5 Kc6 47. Kxh6 Kd6 48. Kxg5 Ke5 49. b4 Ke4 50. bxc5 1-0


[Site "https://www.chess.com"]

[Event "Titled Tuesday Blitz February 22 Early 2022"]
[White "Meissner, Felix"]
[Black "Bluebaum, Matthias"]
[WhiteFideId "24671827"]
[BlackFideId "24651516"]
[WhiteElo "2350"]
[BlackElo "2550"]
[Result "0-1"]
[Round "01"]
[TimeControl "180+1"]
[Date "2022.02.22"]
[WhiteClock "0:01:30"]
[BlackClock "0:01:15"]

1. e4 c6 2. d4 d5 3. exd5 cxd5 4. Bd3 Nc6 5. c3 Nf6 6. Bf4 Bg4 7. Nf3 e6 8. Nbd2 Bd6 9. Bxd6 Qxd6 10. h3 Bh5 11. O-O O-O 12. Re1 Rab8 13. a4 a6 14. a5 Qc7 15. b4 Ne7 16. Rc1 Nc8 17. Qa4 Nd6 18. Ne5 Rfc8 19. Re3 Bg6 20. Bxg6 hxg6 21. f3 Nf5 22. Ree1 Nh5 23. Nb3 f6 24. Nd7 Qg3 25. Qa2 Nf4 26. Kf1 Qh2 0-1


[Site "https://www.chess.com"]

[Event "Titled Tuesday Blitz February 22 Early 2022"]
[White "Melian, Juan Sebastian"]
[Black "Gabrielian, Artur"]
[WhiteFideId "3706575"]
[BlackFideId "4131002"]
[WhiteElo "1842"]
[BlackElo "2440"]
[Result "1/2-1/2"]
[Round "01"]
[TimeControl "180+1"]
[Date "2022.02.22"]
[WhiteClock "0:00:10"]
[BlackClock "0:00:05"]

1. e4 c5 2. b3 g6 3. Bb2 Nf6 4. e5 Nd5 5. Nc3 Nxc3 6. Bxc3 Bg7 7. h4 Nc6 8. h5 Bxe5 9. Bxe5 Nxe5 10. f4 Nc6 11. hxg6 fxg6 12. Bd3 O-O 13. Rxh7 Rf6 14. Rh4 e5 15. Qg4 d5 16. Qg5 e4 17. Bb5 Nd4 18. Qh6 Bf5 19. g4 Nxb5 20. gxf5 gxf5 21. Qh7+ Kf8 22. Nh3 Rf7 23. Qh8+ Ke7 24. Qe5+ Kd7 25. Qxd5+ Nd6 26. Ng5 Re7 27. Rh6 Qc7 28. Ne6 Qc6 29. Nxc5+ Kc7 30. Rxd6 Qxd5 31. Rxd5 Rg8 32. O-O-O Rf7 33. Ne6+ Kc6 34. Rd8 Rg4 35. Rh1 Re7 36. Nd4+ Kc7 37. Rhh8 Rxf4 38. Rdf8 Rf1+ 39. Kb2 f4 40. Rh4 f3 41. Rhf4 a6 42. d3 e3 43. Rxf3 Rg1 44. R8f4 e2 45. Nxe2 Rxe2 46. Rc4+ Kb6 47. a4 Rgg2 48. Rf6+ Ka7 49. Rf7 Re6 50. Rcc7 Rb6 51. d4 Rd2 52. Rfd7 a5 53. Kc3 Rd1 54. d5 Kb8 55. d6 Rbxd6 56. Rxd6 Rxd6 57. Rh7 Rc6+ 58. Kb2 Rd6 59. Rh5 b6 60. Rh3 Kb7 61. Rh7+ Kc6 62. Rh5 Re6 63. Kc3 Re3+ 64. Kd4 Re2 65. c3 Rg2 66. Rh4 Rf2 67. Kc4 Rg2 68. Rh6+ Kb7 69. Rh5 Kc6 70. Rh4 Rf2 71. b4 axb4 72. cxb4 Rc2+ 73. Kb3 Rf2 74. Rh6+ Kb7 75. Rh5 Rf3+ 76. Kc4 Kc6 77. Rh6+ Kb7 78. Rh5 Kc6 79. Rg5 Rf4+ 80. Kc3 Rh4 81. Rg6+ Kb7 82. Rg3 Rf4 83. Kb3 Kc6 84. Rc3+ Kb7 85. Rc4 Rf3+ 86. Kc2 Ra3 87. b5 Rh3 88. Kd2 Ra3 89. Kc2 Rh3 90. Kb2 Rg3 91. Rc3 Rg4 92. Kb3 Rg1 93. Kc4 Rg4+ 94. Kb3 Rg1 95. Rd3 Rb1+ 96. Kc4 Rg1 97. Rd4 Rc1+ 98. Kd5 Rc5+ 99. Kd6 Rc8 100. Kd7 Rc7+ 101. Ke6 Rc1 102. Ke7 Kb8 103. Rd6 Kb7 104. Kd8 Rc8+ 105. Ke7 Rc1 106. Rd7+ Kb8 107. Rd6 Kb7 1/2-1/2


[Site "https://www.chess.com"]

[Event "Titled Tuesday Blitz February 22 Early 2022"]
[White "Mikhailov, Viacheslav"]
[Black "Dilmukhametov, Artur"]
[WhiteFideId "4187369"]
[BlackFideId "24179922"]
[WhiteElo "2381"]
[BlackElo "2266"]
[Result "1-0"]
[Round "01"]
[TimeControl "180+1"]
[Date "2022.02.22"]
[WhiteClock "0:00:55"]
[BlackClock "0:00:20"]

1. Nf3 Nf6 2. g3 g6 3. Bg2 Bg7 4. O-O O-O 5. c4 d6 6. Nc3 e5 7. d3 Nbd7 8. Bg5 c6 9. Ne4 h6 10. Bxf6 Nxf6 11. Nxf6+ Qxf6 12. Nd2 Qe7 13. Rc1 f5 14. b4 a5 15. b5 Bd7 16. bxc6 Bxc6 17. Bd5+ Bxd5 18. cxd5 b5 19. Rc6 Rfc8 20. Qc2 Rxc6 21. Qxc6 Rb8 22. Rc1 Kh7 23. Rb1 b4 24. Nc4 e4 25. Nxa5 exd3 26. exd3 Qe2 27. Qc4 Re8 28. Nc6 Bc3 29. Rf1 Qb2 30. Qf4 Be5 31. Qxb4 Qxb4 32. Nxb4 Rb8 33. Nc6 Rb2 34. Nxe5 dxe5 35. Ra1 Rd2 36. a4 Rxd3 37. a5 Rxd5 38. a6 Rd8 39. a7 Ra8 40. Ra6 h5 41. h4 Kg7 42. Kf1 Kf7 43. Ke2 Kg7 44. Kd3 Kh6 45. Kc4 Kg7 46. Kd5 e4 47. Ke5 Kf7 48. Kf4 Kg7 49. Kg5 Kh7 50. Ra1 Kg7 51. Ra2 Kh7 52. Ra6 Kg7 53. Rxg6+ Kf7 54. Ra6 Ke7 55. Kxh5 Kd7 56. Kg6 f4 57. gxf4 Kc7 58. Kg7 Kb7 59. Ra1 Rd8 60. a8=Q+ 1-0


[Site "https://www.chess.com"]

[Event "Titled Tuesday Blitz February 22 Early 2022"]
[White "Mikhnenko, Alexander"]
[Black "Moiseenko, Alexander"]
[WhiteFideId "34143014"]
[BlackFideId "14102560"]
[WhiteElo "2140"]
[BlackElo "2577"]
[Result "0-1"]
[Round "01"]
[TimeControl "180+1"]
[Date "2022.02.22"]
[WhiteClock "0:00:29"]
[BlackClock "0:00:56"]

1. e4 c5 2. Nf3 e6 3. g3 Nc6 4. Qe2 e5 5. Bg2 Nf6 6. d3 Be7 7. O-O O-O 8. Nc3 d6 9. Bg5 h6 10. Bxf6 Bxf6 11. Nd5 Be6 12. c4 Rb8 13. Nd2 Nd4 14. Qd1 b5 15. b3 Bxd5 16. exd5 g6 17. Rb1 Bg7 18. Nf3 Nxf3+ 19. Qxf3 Qa5 20. Qe2 bxc4 21. bxc4 f5 22. Qc2 Rb4 23. Rxb4 cxb4 24. Rb1 Rb8 25. h4 h5 26. Qb3 Qc5 27. Qa4 a5 28. Qc6 Rb6 29. Qxc5 dxc5 30. a4 bxa3 31. Ra1 Rb3 32. d6 Kf8 33. Bd5 e4 34. Ra2 exd3 35. Kg2 Bb2 0-1


[Site "https://www.chess.com"]

[Event "Titled Tuesday Blitz February 22 Early 2022"]
[White "Mohammad Fahad, Rahman"]
[Black "Topalov, Aleksandar"]
[WhiteFideId "10207791"]
[BlackFideId "925659"]
[WhiteElo "2323"]
[BlackElo "2098"]
[Result "1-0"]
[Round "01"]
[TimeControl "180+1"]
[Date "2022.02.22"]
[WhiteClock "0:00:04"]
[BlackClock "0:00:15"]

1. d4 Nf6 2. Nf3 g6 3. g3 Bg7 4. Bg2 O-O 5. O-O c5 6. d5 d6 7. Nc3 Bf5 8. Nh4 Bd7 9. e4 b5 10. e5 Ne8 11. e6 fxe6 12. dxe6 Bc6 13. Nxb5 Bxb5 14. Bxa8 Nc6 15. Bxc6 Bxc6 16. c3 Qc7 17. Be3 Qb7 18. Qb3 Qa8 19. Rfe1 Nc7 20. Bg5 Bf6 21. Bxf6 Rxf6 22. f4 h6 23. Qc2 Kg7 24. Qd2 Qb7 25. Re2 Qa6 26. a3 Qb7 27. Rae1 a5 28. g4 Nd5 29. f5 g5 30. Ng6 Nf4 31. Nxf4 gxf4 32. Qxf4 Bf3 33. Rf2 Bd5 34. h4 Qc7 35. g5 Rf8 36. f6+ Kh8 37. f7 Bb7 38. gxh6 Qc6 39. Rh2 Qg2+ 40. Rxg2 1-0


[Site "https://www.chess.com"]

[Event "Titled Tuesday Blitz February 22 Early 2022"]
[White "Mohammadian, Mohammad"]
[Black "Brunner, Nicolas"]
[WhiteFideId "12566055"]
[BlackFideId "620246"]
[WhiteElo "1543"]
[BlackElo "2372"]
[Result "0-1"]
[Round "01"]
[TimeControl "180+1"]
[Date "2022.02.22"]
[WhiteClock "0:00:46"]
[BlackClock "0:01:25"]

1. e4 e5 2. Nf3 Nc6 3. Bb5 Nf6 4. O-O Nxe4 5. Re1 Nd6 6. Nxe5 Nxe5 7. Rxe5+ Be7 8. Ba4 O-O 9. Qf1 Ne8 10. d4 Bf6 11. Re4 d5 12. Re1 Bxd4 13. c3 Bf6 14. Nd2 Nd6 15. Nf3 c6 16. Bb3 Bf5 17. Bf4 Ne4 18. Rad1 Re8 19. Bc2 Bg6 20. Nd4 Qb6 21. f3 Nc5 22. Bxg6 hxg6 23. b4 Ne6 24. Be3 Nxd4 25. Bxd4 Bxd4+ 26. Rxd4 a5 27. a3 axb4 28. axb4 c5 29. bxc5 Qxc5 30. Kh1 Qxc3 31. Rdd1 d4 32. Rxe8+ Rxe8 33. h3 Rd8 34. Qd3 Qxd3 35. Rxd3 Kf8 36. Kg1 Ke7 37. Kf2 Ke6 38. Ke2 Kd5 39. Rb3 Re8+ 40. Kd2 Re7 41. g4 Kc4 42. Ra3 b5 43. h4 Re3 44. Rxe3 dxe3+ 45. Kxe3 Kc3 46. h5 gxh5 47. gxh5 b4 48. f4 b3 0-1


[Site "https://www.chess.com"]

[Event "Titled Tuesday Blitz February 22 Early 2022"]
[White "Moksh Amit Doshi"]
[Black "Johnson, Ben"]
[WhiteFideId "25064967"]
[BlackFideId "2010917"]
[WhiteElo "2245"]
[BlackElo "2208"]
[Result "1-0"]
[Round "01"]
[TimeControl "180+1"]
[Date "2022.02.22"]
[WhiteClock "0:02:09"]
[BlackClock "0:00:47"]

1. c4 e5 2. Nc3 Nf6 3. Nf3 Nc6 4. g3 d5 5. cxd5 Nxd5 6. Bg2 Nb6 7. O-O Be7 8. b3 O-O 9. Bb2 f6 10. d4 e4 11. Nxe4 Kh8 12. Rc1 Bf5 13. Nc5 Bxc5 14. dxc5 Nd7 15. Nd4 Nxd4 16. Qxd4 c6 17. Rfd1 Qc7 18. e4 Be6 19. Qd6 Qxd6 20. Rxd6 Rfe8 21. f4 a5 22. f5 1-0


[Site "https://www.chess.com"]